 Dungeon Crawl Stone Soup version 0.29-a0-962-gc8bbfd0a37 (webtiles) character file.

Game seed: 12058333448028510414

19 ragingrage the Charlatan (level 2, 0/16 HPs)
             Began as a Gargoyle Artificer on July 30, 2022.
             Shot with a sling bullet by a goblin (4 damage)
             ... led by Robin
             ... on level 2 of the Dungeon.
             The game lasted 00:00:40 (997 turns).

ragingrage the Charlatan (Gargoyle Artificer)        Turns: 997, Time: 00:00:41

Health: 0/16       AC:  8    Str: 15    XL:     2   Next: 75%
Magic:  2/2        EV: 10    Int: 11    God:
Gold:   17         SH:  0    Dex: 10    Spells: 1/1 levels left

rFire   + . .      SeeInvis .   b - +2 dagger (venom)
rCold   . . .      Faith    .   (no shield)
rNeg    + . .      Spirit   .   a - +0 ring mail
rPois   ∞          Reflect  .   (no helmet)
rElec   +          Harm     .   (no cloak)
rCorr   .          Rampage  .   (no gloves)
Will    .....                   (no boots)
Stlth   +.........              (no amulet)
HPRegen 0.05/turn               f - ring of protection from fire
MPRegen 0.08/turn               (no ring)

@: no status effects
A: sickness immunity, AC +2, negative energy resistance 1, electricity
resistance, torment resistance 1, petrification resistance
a: no special abilities


You were on level 2 of the Dungeon.
You visited 1 branch of the dungeon, and saw 2 of its levels.

You collected 17 gold pieces.

Inventory:

Hand Weapons
 b - a +2 dagger of venom (weapon)
 g - a +0 hand axe
Armour
 a - a +0 ring mail (worn)
 n - a +0 chain mail
Jewellery
 f - a ring of protection from fire (left hand)
 k - a +6 ring of intelligence
Wands
 c - a wand of flame (15) (quivered)
 d - a wand of charming (15)
 e - a wand of iceblast (9)
Scrolls
 h - 2 scrolls of teleportation {unknown}
Potions
 i - a potion of berserk rage {unknown}
 j - a potion of degeneration {unknown}
 l - a potion of magic {unknown}
 m - a potion of heal wounds {unknown}


   Skills:
 - Level 1.1 Fighting
 + Level 1.3 Axes
 - Level 2.1 Armour
 - Level 0.7 Dodging
 - Level 1.1 Stealth
 + Level 3.1 Evocations


You had one spell level left.
You didn't know any spells.
Your spell library was empty.

Dungeon Overview and Level Annotations

Branches:
Dungeon (2/15)

Altars:

Annotations:
D:2 Robin


Innate Abilities, Weirdness & Mutations

You are immune to sickness and miasma.
Your stone body is resilient. (AC +2)
You are immune to poison.
You resist negative energy. (rN+)
You are resistant to electric shocks. (rElec)
You are resistant to unholy torment.
You are immune to petrification.


Message History

The sling bullet hits you but does no damage.
A goblin comes into view. It is wielding a +0 dagger.
Robin of the Strong Arm comes into view.
They are wielding a +0 spear.
A goblin comes into view. It is wielding a +0 club.
Robin shouts!
The goblin shouts!
Robin throws the goblin at you!
A goblin comes into view. It is wielding a +0 dagger. x2
A goblin comes into view. It is wielding a +0 club. x2
The goblin moves out of view.
You see here a +0 chain mail.
n - a +0 chain mail The goblin shouts!
The goblin unwields a +0 sling of flaming.
It stops flaming.
The goblin wields a +0 club.
The goblin hits you but does no damage. Robin throws the goblin at you!
The goblin barely misses you.
A hobgoblin comes into view.
The hobgoblin shouts!
The goblin hits you but does no damage. The goblin hits you with a +0 club.
The goblin hits you but does no damage. The goblin barely misses you.
You hit the goblin.
The goblin is poisoned.
The goblin is severely wounded.
You kill the goblin!
The goblin hits you but does no damage.
Robin roars a battlecry!
The goblins go into a battle-frenzy!
The goblin barely misses you. The goblin misses you.
The goblin attacks as you move away! The goblin hits you but does no damage.
The goblin attacks as you move away! The goblin barely misses you.
The goblin attacks as you move away! The goblin hits you with a +0 club. x2
You see here a +0 club.
The goblin hits you with a +0 club.
* * * LOW HITPOINT WARNING * * *
The goblin attacks as you move away! The goblin hits you but does no damage.
The goblin unwields a +0 club.
The goblin wields a +0 sling of flaming.
It bursts into flame!
The goblin shoots a sling bullet.
The sling bullet hits you.
You die...

# ..# #. ..#
#..####.###
#.......#..
#.......#.#
##..###..#.#
###........#.#
........#..#.#
#.......@..#
#....gg..###
#....ggg##
#...g.gg#
####g.g##
#..g# #.g.#
#...# #...#


You could see Robin, a hobgoblin (strong) and 10 goblins.

Vanquished Creatures
  A dart slug (D:1)
  3 endoplasms (D:1)
  A giant cockroach (D:1)
  3 goblins
  3 hobgoblins (D:1)
  2 kobolds (D:1)
  A bat (D:2)
14 creatures vanquished.

Notes
Turn   | Place    | Note
-------+----------+-------------------------------------------
     0 | D:1      | ragingrage the Gargoyle Artificer began the quest for the
                  | Orb.
     0 | D:1      | Reached XP level 1. HP: 12/12 MP: 1/1
    33 | D:1      | Found a faded altar of an unknown god.
   323 | D:1      | Reached skill level 3 in Evocations
   323 | D:1      | Reached XP level 2. HP: 16/16 MP: 2/2
   341 | D:1      | Reached skill level 1 in Axes
   989 | D:2      | Noticed Robin
   997 | D:2      | Shot with a sling bullet by a goblin

Illustrated notes

Levels and vault maps discovered:
D:1:      minmay_arrival_glassed_features, layout_loops_ring,
          nicolae_ecumenical_lake_church, corexii_item_surrounded_by_moat
D:2:      layout_loops_cross, nrook_uturn, minmay_misc_feat_encased,
          kennysheep_potato, uniq_robin, uniq_terence

Skill      XL: |  1  2 |
---------------+-------+-----
Evocations     | 3 |  3.1
Axes           | 1 |  1.3
Fighting       | |  1.1
Armour         | |  2.1
Dodging        | |  0.7
Stealth        | |  1.1

Action                   || total
-------------------------++-------
Melee: Dagger            ||    28
       Hand axe          ||     2
Armor: Ring mail         ||    18
Dodge: Dodged            ||    19

Table legend: (Time is in decaauts)
 A = Elapsed time spent in this place.
 B = Non-inter-level travel time spent in this place.
 C = Inter-level travel time spent in this place.
 D = Time resting spent in this place.
 E = Time spent auto-exploring this place.
 F = Levels seen in this place.
 G = Mean time per level.
                   A        B        C        D        E       F      G
               +--------+--------+--------+--------+--------+-----+--------+
         Total |    995 |    932 |     63 |    175 |    645 |   2 |  497.5 |
       Dungeon |    995 |    932 |     63 |    175 |    645 |   2 |  497.5 |
               +--------+--------+--------+--------+--------+-----+--------+

Top non-repeatable levels by time:
     D:1: 964 daAuts
     D:2: 31 daAuts
